 Dungeon Crawl Stone Soup version 0.25-a0-834-g55863b0b92 (webtiles) character file.

Game seed: 3709298373816739646, levelgen mode: deterministic

202 Ashen the Gusty (level 5, -1/30 HPs)
             Began as a Tengu Air Elementalist on Apr 22, 2020.
             Slain by a gnoll
             ... wielding a +0 flail
              (13 damage)
             ... on level 3 of the Dungeon.
             The game lasted 00:08:02 (2204 turns).

Ashen the Gusty (Tengu Air Elementalist)            Turns: 2204, Time: 00:08:02

Health: -1/30      AC:  3    Str:  9    XL:     5   Next: 80%
Magic:  3/10       EV: 13    Int: 16    God:
Gold:   70         SH:  0    Dex: 14    Spells: 6/9 levels left

rFire    . . .     SeeInvis .   h - +2 whip (flame)
rCold    . . .     Gourm    .   (no shield)
rNeg     . . .     Faith    .   a - +1 robe
rPois    .         Spirit   .   (helmet restricted)
rElec    .         Reflect  .   (no cloak)
rCorr    .         Harm     .   (no gloves)
MR       .....                  (boots unavailable)
Stlth    ++........             (no amulet)
HPRegen  0.10/turn              (no ring)
MPRegen  0.12/turn              (no ring)

@: no status effects
A: beak, talons 3, able to fly
a: Fly


You were on level 3 of the Dungeon.
You were not hungry.

You visited 1 branch of the dungeon, and saw 3 of its levels.

You collected 70 gold pieces.

Inventory:

Hand Weapons
 h - a +2 whip of flaming (weapon)
Armour
 a - a +1 robe (worn)
 f - a +0 tower shield
Scrolls
 d - 3 scrolls of identify
Potions
 b - 3 potions of heal wounds {unknown}
 e - a potion of flight
 g - a potion of haste {unknown}
 j - 2 potions of lignification {unknown}
Comestibles
 c - 4 rations
 i - 2 chunks of flesh


   Skills:
 + Level 2.0 Fighting
 + Level 3.1 Dodging
 + Level 3.0 Stealth
 + Level 2.8 Spellcasting
 + Level 3.1 Conjurations
 + Level 4.9 Air Magic


You had 6 spell levels left.
You knew the following spells:

 Your Spells              Type           Power        Failure   Level  Hunger
a - Shock                 Conj/Air       ###.         3%          1    #......
b - Swiftness             Chrm/Air       ##......     11%         2    ##.....

Your spell library contained the following spells:

 Spells                   Type           Power        Failure   Level  Hunger
 Static Discharge         Conj/Air       ###.....     11%         3    ###....
 Airstrike                Air            ###.......   24%         4    #####..
 Lightning Bolt           Conj/Air       ###.......   69%         5    ######.


Dungeon Overview and Level Annotations

Branches:
Dungeon (3/15)

Altars:
Nemelex Xobeh


Innate Abilities, Weirdness & Mutations

You have a beak for a mouth.
You have claws for feet.
You can fly continuously.


Message History

The zap hits the gnoll.
The gnoll is almost dead.
The zap hits the orc.
The orc is heavily wounded.
The zap hits the gnoll.
The gnoll is moderately wounded.
The gnoll hits you from afar with a +0 vorpal spear!
The gnoll hits you with a +0 flail!
Casting: Shock (safe; 3% risk of failure)
Confirm with . or Enter, or press ? or * to list all spells.
Aiming: Shock (safe; 3% risk of failure)
Press: ? - help, Shift-Dir - straight line The zap hits the gnoll.
The gnoll is almost dead.
The zap hits the orc.
The orc is almost dead.
The gnoll misses you.
An orc comes into view. It is wielding a +0 club.
The gnoll hits you with a +0 flail!
You die...

##########
#(.>.....#
#(@gg....#
####og...#..
#.#.....o..
#.......###
#...#.#.###
#...#...[....
...#
........#
..#.
.#o..g..?. #
# ###.o......


You could see 3 gnolls and 2 orcs.

Vanquished Creatures
  Sigmund (D:2)
  An adder skeleton (D:2)
  2 worms (D:2)
  A dart slug (D:1)
  3 orcs
  2 giant cockroaches
  A goblin (D:1)
  A hobgoblin (D:1)
  A quokka (D:2)
  A ball python (D:1)
  A ball python skeleton (D:2)
  5 bats
  6 kobolds
  A leopard gecko zombie (D:2)
  6 rats
33 creatures vanquished.

Vanquished Creatures (others)
  12 toadstools (D:3)
12 creatures vanquished.

Grand Total: 45 creatures vanquished

Notes
Turn   | Place    | Note
-------+----------+-------------------------------------------
     0 | D:1      | Ashen the Tengu Air Elementalist began the quest for the
                  | Orb.
     0 | D:1      | Reached XP level 1. HP: 10/10 MP: 4/4
   211 | D:1      | Found a sparkling altar of Nemelex Xobeh.
   408 | D:1      | Reached XP level 2. HP: 11/16 MP: 0/6
   925 | D:2      | Learned a level 2 spell: Swiftness
  1428 | D:2      | Reached XP level 3. HP: 19/20 MP: 3/7
  1458 | D:2      | Noticed Sigmund
  1826 | D:2      | Killed Sigmund
  1826 | D:2      | Reached XP level 4. HP: 21/26 MP: 0/9
  1826 | D:2      | Gained mutation: You can fly continuously. [Tengu growth]
  1826 | D:2      | Reached XP level 5. HP: 24/30 MP: 0/10
  2129 | D:3      | Noticed an ice beast
  2204 | D:3      | Slain by a gnoll

Levels and vault maps discovered:
D:1:      lemuel_arrival_hallway, layout_loops_ring, amethyst_killhole,
          kennysheep_flooded_box
D:2:      layout_loops_cross, serial_undead, serial_undead_f, serial_undead_e,
          serial_undead_b, serial_undead_c, first_ration, uniq_sigmund
D:3:      cheibrodos_fertilizer, layout_rooms, minmay_misc_feat_alley,
          minmay_gold_behind_fungi, hangedman_abyss_or_decor_stabs

Skill      XL: |  1  2  3 |
---------------+----------+-----
Conjurations   | 2 3 |  3.1
Fighting       | 2 |  2.0
Dodging        | 3 |  3.1
Stealth        | 3 |  3.0
Spellcasting   | |  2.8
Air Magic      | |  4.9

Action                   |  1- 3 |  4- 6 || total
-------------------------+-------+-------++-------
Melee: Unarmed           |    39 |       ||    39
       Peck              |     4 |     1 ||     5
       Kick              |     3 |       ||     3
       Whip              |     3 |     3 ||     6
 Cast: Shock             |    65 |    23 ||    88
       Swiftness         |     1 |       ||     1
  Use: Scroll            |     5 |       ||     5
 Stab: Sleeping          |     2 |       ||     2
  Eat: Chunk             |     4 |     1 ||     5
Armor: Robe              |    25 |     1 ||    26
Dodge: Dodged            |    49 |     8 ||    57

Table legend:
 A = Non-vault XP
 B = Vault XP
 C = Vault XP percentage of total XP
 D = Non-vault monster count
 E = Vault monster count
 F = Vault count percentage of total count
                 A         B        C        D         E       F
            +---------+---------+-------+---------+---------+-------
      Total |      55 |     234 |  81.0 |      29 |       4 |  12.1
            +---------+---------+-------+---------+---------+-------
        D:1 |      20 |       0 |   0.0 |      12 |       0 |   0.0
        D:2 |      27 |     234 |  89.7 |      13 |       4 |  23.5
        D:3 |       8 |       0 |   0.0 |       4 |       0 |   0.0
            +---------+---------+-------+---------+---------+-------
